 Dungeon Crawl Stone Soup version 0.20.0-15-g7f486f2 (webtiles) character file.

10922 JarielCorvus the Thaumaturge (level 11, -5/57 HPs)
             Began as a Deep Elf Wizard on June 21, 2017.
             Was a Priest of Vehumet.
             Slain by a slime creature (17 damage)
             ... on level 11 of the Dungeon.
             The game lasted 00:55:37 (15729 turns).

JarielCorvus the Thaumaturge (Deep Elf Wizard)     Turns: 15729, Time: 00:55:38

Health: -5/57      AC:  6    Str:  2    XL:     11   Next: 42%
Magic:  14/37      EV: 12    Int: 27    God:    Vehumet [***...]
Gold:   637        SH:  3    Dex: 16    Spells: 21/32 levels left

rFire    + + .     SeeInvis .   M - +10 great mace of the Whelk {freeze, MR+ MP+9 Str-5}
rCold    x . .     Gourm    .   (shield currently unavailable)
rNeg     . . .     Faith    .   F - +2 robe of Responsibility {+Blink Str+3 Dex+3 Stlth+}
rPois    .         Spirit   .   b - +0 hat
rElec    .         Reflect  +   J - +0 cloak
rCorr    .         Harm     .   (no gloves)
MR       ++...     Rnd*Rage +   l - +0 pair of boots
Stlth    +++.......             m - +3 amulet of reflection
Regen    0.2/turn               p - ring of protection from fire
MPRegen  0.3/turn               e - ring of fire

@: lethally poisoned (-5 -> -5), drained
A: berserk 1, mutation resistance 1
a: Renounce Religion, Evoke Blink


You were on level 11 of the Dungeon.
You worshipped Vehumet.
Vehumet was most pleased with you.
You were not hungry.

You visited 2 branches of the dungeon, and saw 12 of its levels.
You also visited: Ossuary.

You collected 875 gold pieces.
You spent 238 gold pieces at shops.

Inventory:

Hand Weapons
 f - a +4 short sword
 E - a +0 scythe of venom
 I - a +4 quarterstaff of chaos
 M - the +10 great mace of the Whelk (weapon) {freeze, MR+ MP+9 Str-5}
   (You found it on level 10 of the Dungeon)

   It has been specially enchanted to freeze those struck by it, causing extra
   injury to most foes and up to half again as much damage against particularly
   susceptible opponents.
   It can also slow down cold-blooded creatures.
   It affects your strength (-5).
   It affects your resistance to hostile enchantments.
   It affects your magic capacity (+9).
Armour
 a - a +1 robe
 b - a +0 hat (worn)
 l - a +0 pair of boots (worn)
 o - a +2 buckler
 F - the +2 robe of Responsibility (worn) {+Blink Str+3 Dex+3 Stlth+}
   (You bought it in a shop on level 4 of the Dungeon)

   It affects your strength (+3).
   It affects your dexterity (+3).
   It lets you blink.
   It makes you more stealthy.
 G - the +1 robe "Fyxkuil" {*Contam rN+ rCorr Int+3}
   (You bought it in a shop on level 4 of the Dungeon)

   It affects your intelligence (+3).
   It protects you from negative energy.
   It causes magical contamination when unequipped.
   It protects you from acid and corrosion.
 J - a +0 cloak (worn)
Jewellery
 e - a ring of fire (right hand)
 k - an uncursed amulet of regeneration
 m - a +3 amulet of reflection (around neck)
 p - a ring of protection from fire (left hand)
 u - an uncursed amulet of faith
 z - an uncursed ring of positive energy
Wands
 q - a wand of iceblast (3/15)
 v - a wand of iceblast (10/15)
 x - a wand of confusion (30/48)
 A - a wand of confusion (24/48)
Scrolls
 g - a scroll of fog
 h - 5 scrolls of teleportation
 i - 5 scrolls of blinking
 j - 5 scrolls of remove curse
 w - 3 scrolls of identify
 y - 2 scrolls of amnesia
 K - a scroll of fear
Potions
 s - 6 potions of curing
 t - 2 potions of magic
 C - 2 potions of brilliance
 L - 3 potions of heal wounds
Books
 c - a book of Minor Magic

   Spells                             Type                      Level
   a - Magic Dart                     Conjuration                  1
   b - Blink                          Translocation                2
   c - Call Imp                       Summoning                    2
   d - Slow                           Hexes                        2
   e - Conjure Flame                  Conjuration/Fire             3
   f - Mephitic Cloud                 Conjuration/Poison/Air       3
Miscellaneous
 D - a box of beasts
Comestibles
 d - 6 bread rations
 n - 4 meat rations
 r - 8 fruits
 H - 2 royal jellies


   Skills:
 + Level 2.3(1.8) Fighting
 - Level 2.4(1.9) Dodging
 - Level 2.4(1.9) Stealth
 - Level 5.0(4.5) Shields
 - Level 11.1(10.5) Spellcasting
 - Level 11.1(10.5) Conjurations
 - Level 1.1(0.6) Summonings
 - Level 1.1(0.6) Translocations
 * Level 8.3(7.7) Fire Magic
 * Level 7.5(6.9) Air Magic


You had 21 spell levels left.
You knew the following spells:

 Your Spells              Type           Power        Failure   Level  Hunger
a - Magic Dart            Conj           ####         1%          1    None
b - Blink                 Tloc           N/A          4%          2    None
c - Call Imp              Summ           ###.....     4%          2    None
d - Conjure Flame         Conj/Fire      #######.     1%          3    None
e - Mephitic Cloud        Conj/Pois/Air  #####...     1%          3    None


Dungeon Overview and Level Annotations

Branches:
Dungeon (11/15)            Temple (1/1) D:7            Lair (0/6) D:8
    Orc: D:9-12

Altars:
Ashenzari
Cheibriados
Dithmenos
Elyvilon
Fedhas
Gozag
Hepliaklqana
Kikubaaqudgha
Makhleb
Nemelex Xobeh
Okawaru
Qazlal
Ru
Sif Muna
Trog
Uskayaw
Vehumet
Xom
Yredelemnul
Zin
The Shining One

Shops:
D:4 [   D:10 %

Portals:
Trove: D:10 (lose all piety)


Innate Abilities, Weirdness & Mutations

You tend to lose your temper in combat.
You are somewhat resistant to further mutation.


Message History

The slime creature is almost dead.
The slime creature hits you.
Casting: Magic Dart
Confirm with . or Enter, or press ? or * to list all spells.
Aiming: Magic Dart
Press: ? - help, Shift-Dir - straight line, f/p - slime creature
Aim: a slime creature (almost dead)
The magic dart hits the slime creature.
The slime creature is almost dead.
You feel sick. The slime creature hits you!
* * * LOW HITPOINT WARNING * * *
Casting: Magic Dart
Confirm with . or Enter, or press ? or * to list all spells.
Aiming: Magic Dart
Press: ? - help, Shift-Dir - straight line, f/p - slime creature
Aim: a slime creature (almost dead)
The magic dart hits the slime creature.
The slime creature is almost dead.
The slime creature hits you!
You die...

#..)....... ................
#.......... ................
##.......... ................
............ ## ................
..####'########. .........###...
..# .......... .........#.#...
..# ..........############.#...
..# ........................#...
..####..........@J§§.....>...####
#....#....#######†###''#.........
#....#....# #.#....#.........
#....#....# #.#...[#).....###
#.)..#....# '.#....#......#
'..).#....## #.######......#
#(...÷.....# #.............#
)..).#.....###+##.............###
.....'...........................


You could see a slime creature.

Vanquished Creatures
  The ghost of Xenophilius the Grappler, a novice OgTm of Cheibriados (D:8)
  2 two-headed ogres
  The ghost of Cral the Basher, a novice DsFi of Kikubaaqudgha (D:7)
  Psyche (D:9)
  A hornet (D:11)
  The ghost of endorz the Jinx, a novice SpEn (D:5)
  A troll (D:10)
  4 hippogriffs
  A shadow (D:11)
  6 yaks (D:10)
  Sigmund (D:5)
  A spriggan (D:9)
  2 wyverns
  Grum (D:9)
  A hungry ghost (D:8)
  Menkaure (D:5)
  7 orc warriors
  2 ice beasts
  3 phantoms
  A sky beast (D:10)
  4 ogres
  4 wolves (D:9)
  7 centaurs
  A big kobold (D:8)
  5 bullfrogs
  5 scorpions
  A howler monkey (D:4)
  6 wights
  2 jellies
  A quasit (D:6)
  3 bullfrog zombies
  7 hounds
  9 orc priests
  2 centaur skeletons
  2 bullfrog skeletons (D:11)
  A gnoll shaman (D:9)
  11 orc wizards
  Crazy Yiuf (D:5)
  3 iguanas
  6 worker ants
  A hound zombie (D:10)
  2 hound skeletons
  4 mummies (Ossuary)
  3 worker ant zombies
  4 gnolls (D:9)
  15 adders
  2 shadow imps
  An adder zombie (D:5)
  An adder skeleton (D:4)
  A dart slug (D:1)
  4 leopard geckos
  48 orcs
  A ball python (D:3)
  6 bats
  7 giant cockroaches
  6 goblins
  6 hobgoblins
  9 jackals
  4 quokkas
  2 frilled lizards
  A gnoll zombie (Ossuary)
  2 hobgoblin zombies (Ossuary)
  10 kobolds
  3 kobold zombies (Ossuary)
  A leopard gecko skeleton (D:6)
  An orc zombie (Ossuary)
  A quokka skeleton (D:4)
  5 rats
271 creatures vanquished.

Vanquished Creatures (collateral kills)
  The ghost of endorz the Sneak, a novice SpEn (D:6)
  The ghost of Timinator the Skirmisher, an amateur DsSk of Okawaru (D:4)
  4 mummies (Ossuary)
  A leopard gecko (D:6)
  A hobgoblin zombie (Ossuary)
8 creatures vanquished.

Vanquished Creatures (others)
  27 plants (D:8)
27 creatures vanquished.

Grand Total: 306 creatures vanquished

Notes
Turn   | Place    | Note
-------+----------+-------------------------------------------
     0 | D:1      | JarielCorvus the Deep Elf Wizard began the quest for the Orb.
     0 | D:1      | Reached XP level 1. HP: 10/10 MP: 7/7
   391 | D:1      | Reached XP level 2. HP: 11/15 MP: 1/9
   463 | D:1      | Learned a level 2 spell: Blink
   466 | D:1      | Learned a level 2 spell: Call Imp
   579 | D:1      | Reached skill level 5 in Spellcasting
  1275 | D:2      | Reached XP level 3. HP: 17/19 MP: 4/12
  1996 | D:3      | Reached skill level 1 in Shields
  1996 | D:3      | Reached XP level 4. HP: 23/24 MP: 4/13
  2393 | D:3      | Reached XP level 5. HP: 25/28 MP: 7/15
  3047 | D:4      | Found a sand-covered staircase.
  3054 | Ossuary  | Entered an ossuary
  3128 | Ossuary  | Learned a level 3 spell: Conjure Flame
  3132 | Ossuary  | Learned a level 3 spell: Mephitic Cloud
  3175 | Ossuary  | Reached XP level 6. HP: 4/32 MP: 4/18
  4241 | D:4      | Reached XP level 7. HP: 36/36 MP: 5/20
  4531 | D:4      | Noticed Timinator's ghost (amateur DsSk)
  4575 | D:4      | Killed Timinator's ghost
  4874 | D:4      | Found an opulent altar of Gozag.
  4925 | D:4      | Found Xyrphugaa's Antique Armour Emporium.
  4934 | D:4      | Bought a fabulously ornate robe for 119 gold pieces
  4934 | D:4      | Bought a shimmering robe for 119 gold pieces
  5156 | D:4      | Identified the +2 robe of Responsibility {+Blink Str+3 Dex+3 Stlth+} (You bought it in a shop on level 4 of the Dungeon)
  5157 | D:4      | Identified the +1 robe "Fyxkuil" {*Contam rN+ rCorr Int+3} (You bought it in a shop on level 4 of the Dungeon)
  5255 | D:5      | Entered Level 5 of the Dungeon
  5345 | D:5      | Noticed Menkaure
  5398 | D:5      | Killed Menkaure
  5483 | D:5      | Reached skill level 5 in Conjurations
  5542 | D:5      | Reached XP level 8. HP: 41/41 MP: 10/23
  5562 | D:5      | Noticed endorz's ghost (novice SpEn)
  5716 | D:5      | Killed endorz's ghost
  5716 | D:5      | Reached skill level 10 in Spellcasting
  5842 | D:5      | Noticed Sigmund
  5851 | D:5      | Killed Sigmund
  6000 | D:5      | Found a runed door.
  6215 | D:5      | Noticed Crazy Yiuf
  6224 | D:5      | Killed Crazy Yiuf
  6313 | D:6      | Noticed endorz's ghost (novice SpEn)
  6329 | D:6      | Killed endorz's ghost
  6576 | D:6      | Reached skill level 1 in Air Magic
  6856 | D:6      | Reached skill level 1 in Fire Magic
  7009 | D:6      | Reached XP level 9. HP: 38/45 MP: 18/26
  7417 | D:6      | Gained mutation: You tend to lose your temper in combat. [potion of mutation]
  7417 | D:6      | Gained mutation: You are somewhat resistant to further mutation. [potion of mutation]
  8210 | D:7      | Reached skill level 5 in Shields
  8781 | D:7      | Found a staircase to the Ecumenical Temple.
  8789 | Temple   | Entered the Ecumenical Temple
  8914 | Temple   | Became a worshipper of Vehumet
  9156 | D:7      | Noticed Cral's ghost (novice DsFi)
  9378 | D:7      | Killed Cral's ghost
  9605 | D:8      | Noticed Xenophilius's ghost (novice OgTm)
  9620 | D:8      | Killed Xenophilius's ghost
  9620 | D:8      | Reached XP level 10. HP: 26/50 MP: 15/27
  9625 | D:8      | Reached skill level 5 in Fire Magic
 10169 | D:8      | Reached * piety under Vehumet
 10169 | D:8      | Offered knowledge of Shock by Vehumet.
 10530 | D:8      | Found a staircase to the Lair.
 10646 | D:8      | Reached skill level 10 in Conjurations
 10920 | D:9      | Reached skill level 5 in Air Magic
 11377 | D:9      | Noticed Psyche
 11394 | D:9      | Killed Psyche
 11614 | D:9      | Noticed Grum
 11851 | D:9      | Killed Grum
 11960 | D:9      | Found a sacrificial altar of Ru.
 11963 | D:9      | Found a bloodstained altar of Trog.
 11967 | D:9      | Found an ancient bone altar of Kikubaaqudgha.
 12275 | D:10     | Entered Level 10 of the Dungeon
 12387 | D:10     | Found Zeoqoc's Food Emporium.
 12421 | D:10     | Reached ** piety under Vehumet
 12421 | D:10     | Offered knowledge of Sting by Vehumet.
 12485 | D:10     | Found a portal to a secret trove of treasure.
 13637 | D:10     | Got a slimy great mace
 13665 | D:10     | Reached XP level 11. HP: 54/54 MP: 1/28
 13680 | D:10     | Noticed a two-headed ogre
 13859 | D:10     | Killed a two-headed ogre
 13859 | D:10     | Reached skill level 1 in Fighting
 14303 | D:10     | Identified the +10 great mace of the Whelk {freeze, MR+ MP+9 Str-5} (You found it on level 10 of the Dungeon)
 14497 | D:11     | Offered knowledge of Inner Flame by Vehumet.
 14830 | D:11     | Noticed a two-headed ogre
 14839 | D:11     | Reached *** piety under Vehumet
 14849 | D:11     | Killed a two-headed ogre
 15729 | D:11     | Slain by a slime creature

Skill      XL: |  1  2  3  4  5  6  7  8  9 10 11 |
---------------+----------------------------------+-----
Spellcasting   | 5 6 7 8 9 11 | 11.1
Conjurations   | 2 3 4 5 6 9 11 | 11.1
Shields        | 1 2 3 4 5 |  5.0
Air Magic      | 1 4 6 7 |  7.5
Fire Magic     | 1 4 6 8 |  8.3
Fighting       | 2 |  2.3
Dodging        | |  2.4
Stealth        | |  2.4
Summonings     | |  1.1
Translocations | |  1.1

Action                   |  1- 3 |  4- 6 |  7- 9 | 10-12 || total
-------------------------+-------+-------+-------+-------++-------
Melee: Short sword       |    12 |     9 |    21 |    11 ||    53
       Great mace        |       |       |       |    24 ||    24
 Cast: Magic Dart        |    95 |   161 |   391 |   605 ||  1252
       Call Imp          |       |    11 |    32 |     5 ||    48
       Mephitic Cloud    |       |     4 |    15 |    35 ||    54
       Conjure Flame     |       |     1 |    13 |    26 ||    40
  Use: Scroll            |     9 |     1 |     9 |     7 ||    26
       Potion            |     2 |       |    11 |       ||    13
 Stab: Confused          |       |       |     1 |     5 ||     6
  Eat: Chunk             |     3 |     3 |     7 |    15 ||    28
       Bread ration      |       |     1 |     1 |     1 ||     3
       Fruit             |       |       |     2 |       ||     2
       Royal jelly       |       |       |     1 |       ||     1
Armor: Robe              |    10 |     3 |    24 |    28 ||    65
Dodge: Dodged            |    33 |    24 |    69 |    66 ||   192
Block: Buckler           |    12 |    13 |    70 |    53 ||   148
       Reflection        |       |       |     4 |     1 ||     5
       Other             |       |       |       |     2 ||     2
